 Dungeon Crawl Stone Soup version 0.27.1-33-g824d729ab1 (webtiles) character file.

Game seed: 16679352952420708153

44 comborobin the Twirler (level 3, 0/28 HPs)
             Began as a Palentonga Gladiator on Dec 27, 2021.
             Was a Believer of Cheibriados.
             Slain by an iguana (11 damage)
             ... on level 3 of the Dungeon.
             The game lasted 00:01:38 (2086 turns).

comborobin the Twirler (Palentonga Gladiator)       Turns: 2086, Time: 00:01:38

Health: 0/28       AC:  5    Str: 21    XL:     3   Next: 41%
Magic:  12/12      EV: 10    Int: 13    God:    Cheibriados [**....]
Gold:   77         SH:  0    Dex: 15    Spells: 2/2 levels left

rFire    . . .     SeeInvis +   l - +2 falchion (vorpal)
rCold    . . .     Faith    .   (no shield)
rNeg     . . .     Spirit   .   b - +0 leather armour
rPois    .         Reflect  .   c - +0 helmet
rElec    .         Harm     .   (no cloak)
rCorr    +         Rampage  .   (no gloves)
Will     .....                  (no barding)
Stlth    +.........             (no amulet)
HPRegen  0.09/turn              k - ring of resist corrosion
MPRegen  0.13/turn              n - ring of magical power

@: very slow
A: large, rugged brown scales 3, see invisible, deformed body, roll 1, armoured
tail
a: Rolling Charge, Renounce Religion, Bend Time


You were on level 3 of the Dungeon.
You worshipped Cheibriados.
Cheibriados was pleased with you.
You visited 1 branch of the dungeon, and saw 3 of its levels.

You collected 77 gold pieces.

Inventory:

Hand Weapons
 a - a +0 quarterstaff
 l - a +2 vorpal falchion (weapon)
 r - a +0 vorpal hand axe
Missiles
 d - 3 throwing nets (quivered)
Armour
 b - a +0 leather armour (worn)
 c - a +0 helmet (worn)
Jewellery
 k - a ring of resist corrosion (left hand)
 n - a ring of magical power (right hand)
Wands
 q - a wand of acid (5)
Scrolls
 f - 2 scrolls of identify {unknown}
 g - a scroll of enchant weapon {unknown}
 h - a scroll of magic mapping {unknown}
 i - a scroll of fog {unknown}
 m - a scroll of teleportation {unknown}
Potions
 e - a potion of mutation {unknown}
 j - a potion of flight {unknown}
 o - a potion of haste {unknown}
 p - a potion of degeneration {unknown}


   Skills:
 + Level 2.1 Fighting
 + Level 0.5 Long Blades
 - Level 4.1 Staves
 - Level 1.3 Throwing
 + Level 2.5 Dodging
 + Level 0.6 Invocations


You had 2 spell levels left.
You didn't know any spells.
Your spell library contained the following spells:

 Spells                   Type           Power      Damage    Failure   Level
 Passwall                 Tmut/Erth      0%         N/A       47%         2
 Swiftness                Air            0%         N/A       71%         3
 Leda's Liquefaction      Hex/Erth       0%         N/A       98%         4
 Summon Mana Viper        Hex/Summ       0%         N/A       100%        5
 Invisibility             Hex            0%         N/A       100%        6
 Discord                  Hex            0%         N/A       100%        8


Dungeon Overview and Level Annotations

Branches:
Dungeon (3/15)

Altars:
Cheibriados


Innate Abilities, Weirdness & Mutations

You are completely covered in rugged brown scales. (AC +3, +7% HP)
You have supernaturally acute eyesight. (SInv)
Armour fits poorly on your strangely shaped body.
You can roll at nearby foes to attack.
You have a long armoured tail.


Message History

A goblin comes into view. It is wielding a +0 club.
Found a dagger and a scroll labelled ZUIQEU FIUM.
A goblin is nearby!
A goblin is nearby!
The goblin shouts!
A goblin is nearby!
Found a glowing flail.
You stumble into a teleport trap!
You are suddenly yanked towards a nearby monster!
Your surroundings seem slightly different.
A goblin is nearby!
The goblin hits you with a +0 club. The goblin hits you but does no damage.
A goblin is nearby!
You completely miss the goblin. The goblin hits you with a +0 club.
A goblin is nearby!
You completely miss the goblin.
Your tail-slap misses the goblin.
The goblin hits you with a +0 club.
A goblin is nearby!
You slash the goblin!
You kill the goblin!
Cheibriados thoroughly appreciates the change of pace.
No target in view!
An iguana comes into view.
Things that are here:
a +0 club; a goblin corpse
Things that are here:
a +0 club; a goblin corpse
s - a +0 club Unknown command.
Drop what? 19/52 slots (_ for help) (? for menu, Esc to quit)
You drop a +0 club.
You closely miss the iguana. The iguana barely misses you.
The iguana bites you.
The iguana bites you but does no damage.
You hit the iguana but do no damage. The iguana bites you!
An iguana is nearby!
You are too injured to fight recklessly!
You are too injured to fight recklessly!
You are too injured to fight recklessly!
You barely miss the iguana. The iguana bites you!
You die...

######### #############
#.......# ............#
#.#####.# .....)......#
#.#####.#
............######.##....#
.................#.##.####
............####.#.##.#
..........)...<...>##.#
..........l@#..#.####.#
###.#####+#.#..#.####.#
### ... #..)..#..#.#....#
#.. .. #.....#..#.#.##.#
#.# #...?.#..#.#.#### #.#
#.....####.#....# #.#
+...... ..####.####.#
#....## #####.......#
..... #......######


You could see an iguana.

Vanquished Creatures
  A dart slug (D:1)
  3 orcs (D:3)
  A ball python (D:1)
  2 endoplasms (D:1)
  2 giant cockroaches
  4 goblins
  3 hobgoblins
  2 quokkas
  5 bats
  4 frilled lizards
  5 kobolds
  4 rats
36 creatures vanquished.

Notes
Turn   | Place    | Note
-------+----------+-------------------------------------------
     0 | D:1      | comborobin the Palentonga Gladiator began the quest for the
                  | Orb.
     0 | D:1      | Reached XP level 1. HP: 17/17 MP: 1/1
   304 | D:1      | Reached XP level 2. HP: 23/23 MP: 2/2
   533 | D:1      | Found a faded altar of an unknown god.
   617 | D:1      | Got the Tome of the Rocks and Execration
   685 | D:1      | Became a worshipper of Cheibriados the Contemplative
   685 | D:1      | Reached * piety under Cheibriados
   960 | D:2      | Reached skill level 4 in Staves
  1531 | D:2      | Reached XP level 3. HP: 28/28 MP: 3/3
  1843 | D:3      | Reached ** piety under Cheibriados
  2086 | D:3      | Slain by an iguana

Illustrated notes

Levels and vault maps discovered:
D:1:      ncdulo_lavacross, layout_loops_cross, chequers_ecumenical_altar_grove
D:2:      layout_basic, grunt_ministairs_13, kennysheep_doodads
D:3:      layout_basic

Skill      XL: |  1  2 |
---------------+-------+-----
Staves         | 4 |  4.1
Fighting       | |  2.1
Long Blades    | |  0.5
Throwing       | |  1.3
Dodging        | |  2.5
Invocations    | |  0.6

Action                   || total
-------------------------++-------
Melee: Quarterstaff      ||    50
       Tailslap          ||     9
       Falchion          ||    31
 Stab: Sleeping          ||     1
Armor: Leather armour    ||    45
Dodge: Dodged            ||    38
       Rpst.: Falchion   ||     7
